 Dungeon Crawl Stone Soup version 0.32-a0-612-g1c984fe9d1 (webtiles) character file.

Game seed: 11661066104545289463

653 Khashishi the Trooper (level 7, -2/56 HPs)
             Began as a Mummy Monk on Mar 5, 2024.
             Was a Priest of Qazlal.
             Slain by an ufetubus (5 damage)
             ... on level 5 of the Dungeon.
             The game lasted 00:20:49 (2129 turns).

Khashishi the Trooper (Mummy Monk)                  Turns: 2129, Time: 00:20:50

Health: -2/56      AC: -1    Str: 16    XL:     7   Next: 29%
Magic:  9/9        EV: 12    Int: 10    God:    Qazlal [***...]
Gold:   335        SH:  4    Dex: 14    Spells: 6/6 levels left

rFire   x . .        b - +2 whip (freeze)
rCold   + . .        c - orb {light}
rNeg    + + +        i - +0 ring mail
rPois   ∞            (no helmet)
rElec   .            (no cloak)
rCorr   .            (no gloves)
SInv    .            k - +0 pair of boots
Will    .....        (no amulet)
Stlth   +            h - +4 ring of protection
HPRegen 0.29/turn    (no ring)
MPRegen 0.11/turn

%: faith
@: corroded, glowing
A: cold resistance 1, negative energy resistance 3, torment resistance 2, heat
vulnerability 1, in touch with death 1, no potions, faith
a: Renounce Religion, Upheaval, Elemental Force


You were on level 5 of the Dungeon.
You worshipped Qazlal.
Qazlal was most pleased with you.
You visited 2 branches of the dungeon, and saw 6 of its levels.

You collected 335 gold pieces.

Inventory:

Hand Weapons
 a - a +0 spear
 b - a +2 whip of freezing (weapon)
Missiles
 m - 5 silver javelins
Armour
 c - an orb of light (worn)
 i - a +0 ring mail (worn)
 k - a +0 pair of boots (worn)
Magical Staves
 s - a staff of fire
Jewellery
 h - a +4 ring of protection (left hand)
 n - an amulet of guardian spirit
Scrolls
 e - a scroll of blinking {unknown}
 f - 3 scrolls of fear
 g - a scroll of brand weapon {unknown}
 j - a scroll of enchant armour {unknown}
 l - a scroll of teleportation {unknown}
 o - a scroll of immolation {unknown}
 p - a scroll of revelation {unknown}
 q - a scroll of enchant weapon {unknown}


   Skills:
 - Level 5.0 Fighting
 + Level 3.0 Maces & Flails
 - Level 2.6 Polearms
 + Level 0.8 Armour
 - Level 4.0 Dodging
 + Level 2.9 Invocations


You had 6 spell levels left.
You didn't know any spells.
Your spell library contained the following spells:

 Spells                   Type           Power      Damage    Failure   Level
 Mercury Vapours          Alch/Air       0%         N/A       73%         2
 Mephitic Cloud           Conj/Alch/Air  0%         N/A       91%         3
 Freezing Cloud           Conj/Ice/Air   0%         6-21      100%        5


Dungeon Overview and Level Annotations

Branches:
Dungeon (5/15)             Temple (1/1) D:5

Altars:
Ashenzari
Cheibriados
Dithmenos
Fedhas
Gozag
Kikubaaqudgha
Makhleb
Nemelex Xobeh
Okawaru
Qazlal
Ru
Trog
Vehumet
Xom
Yredelemnul

Shops:
D:1 *


Innate Abilities, Weirdness & Mutations

You are immune to poison.
Your flesh is cold resistant. (rC+)
You are immune to negative energy. (rN+++)
You are immune to unholy pain and torment.
You are vulnerable to heat. (rF-)
You are in touch with the powers of death.
You do not drink.
You have a special connection with the divine. (Faith)


Message History

The adder closely misses you.
You whack the adder!
The adder seems to slow down.
You freeze the adder.
You kill the adder!
Qazlal accepts your kill.
You hit the ufetubus.
The ufetubus is moderately wounded.
The ufetubus slips past you!
The ufetubus hits you but does no damage. x3
The ufetubus barely misses you.
You hit the jelly. You freeze the jelly. The acid corrodes you!
Your hands burn!
The jelly is lightly wounded.
The ufetubus completely misses you.
The ufetubus hits you but does no damage.
The jelly hits you.
You are splashed with acid!
You hit the jelly but do no damage.
Your hands burn!
The jelly is lightly wounded.
The ufetubus hits you.
The ufetubus hits you but does no damage.
The ufetubus closely misses you. x2
The jelly jiggles.
The jelly hits you but does no damage.
You hit the jelly. You freeze the jelly. The acid corrodes you!
Your hands burn!
The jelly is severely wounded.
The ufetubus barely misses you. The ufetubus misses you.
You hit the jelly. You freeze the jelly.
Your hands burn!
The jelly is almost dead.
The ufetubus hits you.
* * * LOW HITPOINT WARNING * * *
The ufetubus hits you.
* * * LOW HITPOINT WARNING * * *
The jelly completely misses you.
You hit the jelly but do no damage. The acid corrodes you!
Your hands burn!
* * * LOW HITPOINT WARNING * * *
The jelly is almost dead.
The ufetubus hits you.
* * * LOW HITPOINT WARNING * * *
The ufetubus hits you.
You die...

#.# ## #..
#. ... #.
#.# #. #.##
#. #5. # #.
#.##.##.#
#.##........
#5@J....##.#
####.##.#
#.# .. #.#
#.# #J# #
#.. ###


You could see a jelly and an ufetubus.

Vanquished Creatures
  Menkaure (D:4)
  An ice beast (D:5)
  A black bear (D:5)
  A centaur (D:5)
  A scorpion (D:5)
  A jelly (D:4)
  A hound (D:4)
  An iguana (D:4)
  2 adders
  An ufetubus (D:5)
  5 ribbon worms (D:2)
  2 dart slugs
  8 orcs
  9 ball pythons
  2 endoplasms
  2 giant cockroaches (D:1)
  11 goblins
  8 hobgoblins
  10 jackals
  7 kobolds
  4 quokkas
  2 bats
  5 frilled lizards
  5 rats
91 creatures vanquished.

Notes
Turn   | Place    | Note
-------+----------+-------------------------------------------
     0 | D:1      | Khashishi the Mummy Monk began the quest for the Orb.
     0 | D:1      | Reached XP level 1. HP: 18/18 MP: 1/1
   117 | D:1      | Found a faded altar of an unknown god.
   149 | D:1      | Reached XP level 2. HP: 6/24 MP: 2/2
   183 | D:1      | Found Nistref's Assorted Antiques.
   609 | D:2      | Reached XP level 3. HP: 28/29 MP: 3/3
   843 | D:2      | Reached skill level 1 in Maces & Flails
  1050 | D:3      | Reached XP level 4. HP: 37/37 MP: 4/4
  1292 | D:3      | Found a burning altar of Makhleb.
  1446 | D:3      | Found a stormy altar of Qazlal.
  1480 | D:3      | Became a worshipper of Qazlal Stormbringer
  1480 | D:3      | Reached * piety under Qazlal
  1480 | D:3      | Reached ** piety under Qazlal
  1561 | D:4      | Reached skill level 4 in Fighting
  1600 | D:4      | Noticed Menkaure
  1627 | D:4      | Killed Menkaure
  1628 | D:4      | Reached skill level 1 in Invocations
  1628 | D:4      | Reached XP level 5. HP: 39/43 MP: 4/6
  1636 | D:4      | Found a broken altar of Ashenzari.
  1649 | D:4      | Reached XP level 6. HP: 43/49 MP: 7/7
  1933 | D:4      | Found a shimmering altar of Xom.
  1981 | D:4      | Reached *** piety under Qazlal
  2009 | D:5      | Entered Level 5 of the Dungeon
  2021 | D:5      | Found a staircase to the Ecumenical Temple.
  2024 | D:5      | Noticed an ice beast
  2050 | D:5      | Killed an ice beast
  2055 | Temple   | Entered the Ecumenical Temple
  2078 | D:5      | Reached skill level 5 in Fighting
  2078 | D:5      | Reached XP level 7. HP: 35/56 MP: 8/8
  2129 | D:5      | Slain by an ufetubus

Illustrated notes

Levels and vault maps discovered:
D:1:      roadster_arrival_rocket_large, layout_loops_cross, serial_shops, shop,
          chequers_ecumenical_altar_island
D:2:      minmay_spotlight, layout_basic
D:3:      layout_loops_ring, amcnicky_altar_gilded, lemuel_crystal_altar
D:4:      layout_cave_pools, xom_redecorated, mainiacjoe_overflow_catwalk,
          kennysheep_potato, uniq_menkaure
D:5:      layout_loops_cross, minmay_temple_entry_sparse_star,
          nicolae_shop_firing_range
Temple:   nicolae_temple_superstar

Skill      XL: |  1  2  3  4  5  6  7 |
---------------+----------------------+-----
Maces & Flails | 1 2 3 |  3.0
Dodging        | 3 4 |  4.0
Fighting       | 4 5 |  5.0
Invocations    | 1 2 |  2.9
Polearms       | |  2.6
Armour         | |  0.8

Action                     |  1- 3 |  4- 6 |  7- 9 || total
---------------------------+-------+-------+-------++-------
  Melee: Spear             |    29 |       |       ||    29
         Whip              |    81 |   145 |    18 ||   244
  Throw: Dart              |    26 |     4 |     1 ||    31
         Throwing net      |       |       |     1 ||     1
    Use: Scroll            |     1 |       |       ||     1
 Armour: Robe              |    19 |       |       ||    19
         Ring mail         |    36 |    89 |    25 ||   150
         Leather armour    |     2 |       |       ||     2
  Dodge: Dodged            |    48 |    75 |    15 ||   138

Table legend: (Time is in decaauts)
 A = Elapsed time spent in this place.
 B = Non-inter-level travel time spent in this place.
 C = Inter-level travel time spent in this place.
 D = Time resting spent in this place.
 E = Time spent auto-exploring this place.
 F = Levels seen in this place.
 G = Mean time per level.
                   A        B        C        D        E       F      G
               +--------+--------+--------+--------+--------+-----+--------+
         Total |   2137 |   2056 |     81 |      0 |      0 |   6 |  356.2 |
       Dungeon |   2135 |   2054 |     81 |      0 |      0 |   5 |  427.0 |
        Temple |      1 |      1 |      0 |      0 |      0 |   1 |    1.0 |
               +--------+--------+--------+--------+--------+-----+--------+

Top non-repeatable levels by time:
     D:1: 545 daAuts
     D:3: 505 daAuts
     D:4: 500 daAuts
     D:2: 467 daAuts
     D:5: 116 daAuts
  Temple: 1 daAuts
